 Dungeon Crawl Stone Soup version 0.29.1-1-gd02db69 (webtiles) character file.

Game seed: 9595742156088665755

42 Kel the Chopper (level 3, -2/23 HPs)
             Began as a Gargoyle Fighter on Nov 23, 2022.
             Slain by Terence
             ... wielding a +1 vorpal mace
              (8 damage)
             ... on level 1 of the Dungeon.
             The game lasted 00:02:20 (1360 turns).

Kel the Chopper (Gargoyle Fighter)                  Turns: 1360, Time: 00:02:20

Health: -2/23      AC: 11    Str: 27    XL:     3   Next: 56%
Magic:  3/3        EV:  9    Int:  8    God:
Gold:   61         SH:  4    Dex:  9    Spells: 2/2 levels left

rFire   . . .      SeeInvis .   a - +0 war axe
rCold   . . .      Faith    .   c - +0 buckler
rNeg    + . .      Spirit   .   b - +0 scale mail
rPois   ∞          Reflect  .   (no helmet)
rElec   +          Harm     .   f - +0 cloak
rCorr   .          Rampage  .   (no gloves)
Will    .....                   (no boots)
Stlth   ..........              (no amulet)
HPRegen 0.07/turn               h - +6 ring of strength
MPRegen 0.08/turn               (no ring)

@: mighty
A: sickness immunity, AC +3, negative energy resistance 1, electricity
resistance, torment resistance 1, petrification resistance
a: no special abilities


You were on level 1 of the Dungeon.
You visited 1 branch of the dungeon, and saw 2 of its levels.

You collected 61 gold pieces.

Inventory:

Hand Weapons
 a - a +0 war axe (weapon)
Armour
 b - a +0 scale mail (worn)
 c - a +0 buckler (worn)
 f - a +0 cloak (worn)
Jewellery
 h - a +6 ring of strength (left hand)
Scrolls
 e - a scroll of teleportation {unknown}
 k - 2 scrolls of blinking {unknown}
 l - a scroll of enchant armour {unknown}
 m - a scroll of enchant weapon {unknown}
 o - a scroll of identify {unknown}
Potions
 d - a potion of might
 g - a potion of resistance {unknown}
 i - 2 potions of berserk rage {unknown}
 j - a potion of cancellation {unknown}
 n - a potion of lignification {unknown}


   Skills:
 - Level 3.2 Fighting
 + Level 3.5 Axes
 - Level 3.2 Armour
 - Level 3.2 Shields


You had 2 spell levels left.
You didn't know any spells.
Your spell library was empty.

Dungeon Overview and Level Annotations

Branches:
Dungeon (2/15)

Altars:

Annotations:
D:1 Natasha, Terence


Innate Abilities, Weirdness & Mutations

You are immune to sickness and miasma.
Your stone body is resilient. (AC +3)
You are immune to poison.
You resist negative energy. (rN+)
You are resistant to electric shocks. (rElec)
You are resistant to unholy torment.
You are immune to petrification.


Message History

You now have 61 gold pieces (gained 10).
Terence the Incautious comes into view.
He is wielding a +1 vorpal mace.
Terence shouts!
Found an escape hatch in the floor.
Natasha, Servant of Life and Death comes into view.
Terence hits you with a +1 vorpal mace.
You closely miss Terence.
Natasha mumbles some strange words.
Terence hits you but does no damage. Terence closely misses you.
You hit Terence.
Terence is lightly wounded.
You block Terence's attack.
Natasha wildly gestures.
You feel troubled.
You hit Terence.
Terence is moderately wounded.
Terence hits you but does no damage.
You barely miss Terence.
Terence is moderately wounded.
Terence hits you with a +1 vorpal mace. x2
* * * LOW HITPOINT WARNING * * *
Natasha casts a spell at you.
The magic dart hits you but does no damage.
Terence attacks as you move away! Terence barely misses you.
A goblin comes into view. It is wielding a +0 dagger.
The goblin unwields a +0 dagger.
The goblin wields a +0 sling.
The goblin shoots a sling bullet.
The sling bullet barely misses you.
The sling bullet hits Natasha.
Natasha attacks as you move away! You block Natasha's attack.
There is an escape hatch in the ceiling here.
Natasha barely misses you. Terence hits you but does no damage.
A mysterious force pulls you upwards. The hatch slams shut behind you.
The crimson imp disappears in a puff of smoke!
You feel very mighty all of a sudden. Natasha claws you but does no damage.
You block Terence's attack.
You hit Terence.
Terence is heavily wounded.
You slash Natasha! Natasha completely misses you.
Terence hits you with a +1 vorpal mace!
You die...

#......#####...#### #.#.##.#.
#.................######.#.##)#.
#......######.....'........##.#.
######## #.....######.####.#.
#.....# #.##......#. #.....#
#.#########. #....(# #.###### #.
#...h.# #......####. #.@@..#
#........... #######
##.....####. #.....# #. #.....#
#. #.....# ## #######


You could see Terence and Natasha.

Vanquished Creatures
  A gnoll (D:1)
  5 bats (D:1)
  2 endoplasms (D:1)
  A giant cockroach (D:1)
  3 goblins
  3 hobgoblins (D:1)
  A quokka (D:1)
  3 ball pythons (D:1)
  2 frilled lizards (D:1)
  6 kobolds
  4 rats (D:1)
31 creatures vanquished.

Vanquished Creatures (others)
  2 plants (D:2)
2 creatures vanquished.

Grand Total: 33 creatures vanquished

Notes
Turn   | Place    | Note
-------+----------+-------------------------------------------
     0 | D:1      | Kel the Gargoyle Fighter began the quest for the Orb.
     0 | D:1      | Reached XP level 1. HP: 14/14 MP: 1/1
    86 | D:1      | Reached XP level 2. HP: 18/19 MP: 2/2
   876 | D:1      | Reached XP level 3. HP: 23/23 MP: 3/3
  1343 | D:2      | Noticed Terence
  1346 | D:2      | Noticed Natasha
  1360 | D:1      | Slain by Terence

Illustrated notes

Levels and vault maps discovered:
D:1:      zaba_arrival_water, layout_basic, minivault_14
D:2:      layout_basic, shapermc_ecumenical_altar_mp_ritualfount, uniq_robin,
          uniq_natasha, uniq_terence, uniq_sigmund

Skill      XL: |  1  2 |
---------------+-------+-----
Axes           | 2 3 |  3.5
Fighting       | |  3.2
Armour         | |  3.2
Shields        | |  3.2

Action                   || total
-------------------------++-------
Melee: War axe           ||   103
  Use: Potion            ||     1
Armor: Scale mail        ||    75
Dodge: Dodged            ||    57
Block: Buckler           ||    17
